 Dungeon Crawl Stone Soup version 0.31.0-12-g77e489cdc1 (webtiles) character file.

Game seed: 10063091757897990374

1251 KennySheep the Skirmisher (level 8, -11/60 HPs)
             Began as a Demigod Hunter on Mar 2, 2024.
             Mangled by a wyvern (13 damage)
             ... on level 7 of the Dungeon.
             The game lasted 00:16:25 (6589 turns).

KennySheep the Skirmisher (Demigod Hunter)          Turns: 6589, Time: 00:16:26

Health: -11/60     AC:  7    Str: 12    XL:     8   Next: 5%
Magic:  10/10      EV: 12    Int: 11    God:
Gold:   50         SH:  0    Dex: 25    Spells: 7/7 levels left

rFire   . . .        a - +0 shortbow
rCold   . . .        (shield currently unavailable)
rNeg    . . .        l - +1 leather armour of Wohu {Will+}
rPois   .            (no helmet)
rElec   .            I - +0 cloak
rCorr   .            (no gloves)
SInv    .            j - +1 pair of boots
Will    +....        (no amulet)
Stlth   ++           (no ring)
HPRegen 0.30/turn    (no ring)
MPRegen 0.12/turn

%: no passive effects
@: no status effects
A: high MP 1, forlorn, divine attributes
a: no special abilities


You were on level 7 of the Dungeon.
You visited 1 branch of the dungeon, and saw 7 of its levels.

You collected 253 gold pieces.
You spent 203 gold pieces at shops.

Inventory:

Hand Weapons
 a - a +0 shortbow (weapon)
Armour
 c - a +0 leather armour
 j - a +1 pair of boots (worn)
 l - the +1 leather armour of Wohu (worn) {Will+}
   (You found it on level 2 of the Dungeon)

   Will+:     It increases your willpower.
 I - a +0 cloak (worn)
Jewellery
 s - a ring of wizardry
 w - a ring of magical power
 y - a ring of magical power
Wands
 u - a wand of acid (3)
 z - a wand of mindburst (40)
 G - a wand of iceblast (11)
Scrolls
 b - a scroll of butterflies
 i - 2 scrolls of blinking
 k - a scroll of vulnerability
 m - 3 scrolls of revelation
 o - 2 scrolls of teleportation
 q - 2 scrolls of fog
 r - a scroll of torment
 B - a scroll of poison
 D - a scroll of noise {unknown}
 E - a scroll of identify
 H - a scroll of enchant weapon {unknown}
Potions
 d - 3 potions of heal wounds
 e - 2 potions of attraction
 f - 5 potions of curing
 g - a potion of enlightenment
 h - a potion of mutation
 n - a potion of cancellation
 p - a potion of haste
 t - 3 potions of lignification
 v - 2 potions of brilliance
 x - 2 potions of might
 A - a potion of resistance {unknown}
 C - a potion of berserk rage {unknown}
 F - a potion of degeneration {unknown}


   Skills:
 - Level 1.7 Fighting
 + Level 9.9 Ranged Weapons
 - Level 1.7 Dodging
 - Level 0.8 Stealth


You had 7 spell levels left.
You didn't know any spells.
Your spell library contained the following spells:

 Spells                   Type           Power      Damage    Failure   Level
 Kiss of Death            Conj/Necr      0%         2d5       41%         1
 Summon Small Mammal      Summ           0%         N/A       41%         1
 Call Canine Familiar     Summ           0%         N/A       80%         3
 Confusing Touch          Hex            0%         N/A       80%         3
 Dispel Undead            Necr           0%         3d6       99%         4
 Summon Blazeheart Golem  Fire/Summ      0%         N/A       99%         4


Dungeon Overview and Level Annotations

Branches:
Dungeon (7/15)             Temple (0/1) D:4

Shops:
D:5 *?


Innate Abilities, Weirdness & Mutations

You have an increased reservoir of magic. (+10% MP)
You shall have no god before yourself.
Your divine heritage dramatically boosts your attributes as you level up.


Message History

The wyvern barely misses you.
You shoot an arrow. The arrow barely misses the wyvern.
The arrow closely misses the gnoll.
The wyvern bites you. The gnoll closely misses you.
You shoot an arrow. The arrow hits the wyvern.
The wyvern is lightly wounded.
The gnoll is no longer moving quickly.
The wyvern bites you! The gnoll closely misses you. The wyvern bites you!
* * * LOW HITPOINT WARNING * * *
You shoot an arrow. The arrow closely misses the wyvern.
The arrow hits the gnoll.
The gnoll is heavily wounded.
The wyvern closely misses you. The gnoll hits you but does no damage.
The gnoll is no longer moving quickly.
The wyvern attacks as it pursues you! The wyvern barely misses you.
The wyvern closely misses you. The wyvern bites you.
* * * LOW HITPOINT WARNING * * *
You shoot an arrow. The arrow closely misses the wyvern.
The wyvern barely misses you.
You shoot an arrow. The arrow hits the wyvern!
The wyvern is moderately wounded.
The wyvern closely misses you. x2
You shoot an arrow. The arrow hits the wyvern.
The wyvern is heavily wounded.
The wyvern bites you but does no damage.
You shoot an arrow. The arrow closely misses the wyvern.
The arrow closely misses the gnoll.
The arrow hits the gnoll but does no damage.
The wyvern bites you!
* * * LOW HITPOINT WARNING * * *
The wyvern misses you.
You shoot an arrow. The arrow completely misses the wyvern.
The arrow hits the gnoll.
The gnoll is heavily wounded.
The wyvern closely misses you.
You shoot an arrow. The arrow barely misses the wyvern.
The arrow hits the gnoll!
You kill the gnoll!
The wyvern bites you!
You die...

#...........##.#
#<....###.#.....
#.....# #.####..
#####.#####.# #..
#......<....####.#
#.##.(##.#.......#
#.##..##.#.#######
#.##..##.#.# #
#@##.......#
#k##.#.#.#.#
#)##.#.#.#.#
#g..g..).).###
####.........+
#.#.....###
#.#.#.#.#
#.#.###.# #.... .#


You could see a wyvern and a gnoll.

Vanquished Creatures
  Edmund (D:6)
  A black bear (D:4)
  An ogre (D:5)
  2 phantoms
  A scorpion (D:4)
  A howler monkey (D:4)
  A bombardier beetle (D:5)
  3 jellies
  An orc priest (D:6)
  A gnoll bouda (D:7)
  4 hounds
  5 iguanas
  2 sleepcaps
  An orc wizard (D:3)
  8 gnolls
  6 adders
  A white imp (D:5)
  3 ribbon worms
  4 dart slugs
  13 orcs
  2 ball pythons (D:2)
  5 bats
  8 endoplasms
  A giant cockroach (D:4)
  2 goblins
  4 hobgoblins
  A frilled lizard (D:2)
  6 kobolds
  3 rats
92 creatures vanquished.

Notes
Turn   | Place    | Note
-------+----------+-------------------------------------------
     0 | D:1      | KennySheep the Demigod Hunter began the quest for the Orb.
     0 | D:1      | Reached XP level 1. HP: 17/17 MP: 3/3
   485 | D:1      | Reached skill level 4 in Ranged Weapons
   864 | D:2      | Reached XP level 2. HP: 24/24 MP: 4/4
   882 | D:2      | Identified the +1 leather armour of Wohu {Will+}
  1434 | D:3      | Reached XP level 3. HP: 29/29 MP: 5/5
  1475 | D:3      | Reached skill level 5 in Ranged Weapons
  1905 | D:3      | Reached XP level 4. HP: 36/36 MP: 6/6
  2394 | D:4      | Found a staircase to the Ecumenical Temple.
  2509 | D:4      | Reached skill level 6 in Ranged Weapons
  2509 | D:4      | Reached XP level 5. HP: 29/41 MP: 7/7
  2689 | D:4      | Noticed a black bear
  2707 | D:4      | Killed a black bear
  2708 | D:4      | Reached XP level 6. HP: 5/48 MP: 8/8
  2879 | D:4      | Reached skill level 7 in Ranged Weapons
  3457 | D:4      | Reached skill level 8 in Ranged Weapons
  3573 | D:4      | Reached XP level 7. HP: 50/53 MP: 9/9
  4090 | D:5      | Entered Level 5 of the Dungeon
  4418 | D:5      | Reached skill level 9 in Ranged Weapons
  4475 | D:5      | Found Puis's Magic Scroll Shoppe.
  4479 | D:5      | Bought a scroll of identify for 22 gold pieces
  4479 | D:5      | Bought a scroll of identify for 22 gold pieces
  4479 | D:5      | Bought a scroll of revelation for 82 gold pieces
  4479 | D:5      | Bought a scroll of identify for 22 gold pieces
  4479 | D:5      | Bought a scroll of identify for 22 gold pieces
  4479 | D:5      | Bought a scroll of teleportation for 33 gold pieces
  5302 | D:5      | Found Keaddaw's General Store.
  5575 | D:6      | Noticed Edmund
  5585 | D:6      | Killed Edmund
  6310 | D:6      | Reached XP level 8. HP: 60/60 MP: 10/10
  6587 | D:7      | HP: 1/60 [wyvern (13)]
  6589 | D:7      | Mangled by a wyvern

Illustrated notes

Levels and vault maps discovered:
D:1:      evilmike_arrival_rings, layout_basic,
          chequers_ecumenical_altar_simple_redux
D:2:      layout_rooms, nicolae_houndstooth_variations
D:3:      layout_loops_cross, lemuel_coloured_pillars_altar
D:4:      layout_cave_pods, minmay_temple_entry_fiery, serial_forest,
          infiniplex_forest_clump_C, infiniplex_forest_clump_medium,
          infiniplex_forest_clump_small, infiniplex_forest_lined_4_way,
          infiniplex_forest_clump_cross, infiniplex_forest_corner_1,
          infiniplex_forest_end_3
D:5:      layout_layer_cave, serial_shops, shop, nicolae_shop_back_alley_shop
D:6:      layout_loops_ring, evilmike_ruin_ashenzari,
          nicolae_overflow_crystal_walls, chei_slow_surprise,
          lemuel_crystal_altar, uniq_edmund
D:7:      layout_loops_corners, nicolae_gozag_cash_rules_everything_around_me

Skill      XL: |  1  2  3  4  5  6  7 |
---------------+----------------------+-----
Ranged Weapons | 4 5 6 8 9 |  9.9
Fighting       | |  1.7
Dodging        | |  1.7
Stealth        | |  0.8

Action                     |  1- 3 |  4- 6 |  7- 9 || total
---------------------------+-------+-------+-------++-------
   Fire: Shortbow          |   115 |   161 |   118 ||   394
    Use: Scroll            |     6 |       |     4 ||    10
         Potion            |     4 |       |     3 ||     7
 Armour: Leather armour    |    50 |    78 |    31 ||   159
  Dodge: Dodged            |    48 |    72 |    25 ||   145
